AoeStats
← GORGORY

Arabia

507137126Analyzed
1v1 RM · 16d ago on Sep 16, 2026· 61m 4s· 2 players
Game mode
Random Map
Map size
Tiny (2 player)
Population
200
Speed
Normal
Resources
Standard
Victory
Conquest
Starting age
Dark Age
Ending age
Imperial Age
RankedLock teamsTeams togetherTeam positionsShared explorationLock speedFull tech treeHidden civsTurbo modeCheats
Victory
Defeat
🇦🇷 Ethiopians · Argentina
1016
+16
🇺🇸 Slavs · United States
1026
-16
GORGORY
5:52 Loom
9:13 Feudal Age
9:39 Double-Bit Axe
9:35 Horse Collar
14:28 Wheelbarrow
18:24 Castle Age
17:03 Stone Mining
19:26 Town Watch
21:24 Fervor
23:06 Heavy Plow
23:18 Bow Saw
25:08 Sanctity
28:45 Hand Cart
29:09 Scale Mail Armor
29:50 Forging
30:53 Squires
30:39 Arson
31:59 Ballistics
34:08 Royal Heirs
37:10 Imperial Age
35:45 Iron Casting
35:19 Gold Mining
37:43 Town Patrol
37:33 Elite Shotel Warrior
38:34 Conscription
37:36 Capped Ram
37:57 Halberdier
39:20 Gold Shaft Mining
42:05 Blast Furnace
41:20 Chain Mail Armor
42:31 Crossbowman
44:25 Murder Holes
45:03 Plate Mail Armor
44:56 Arbalester
45:42 Thumb Ring
45:38 Fletching
45:48 Padded Archer Armor
46:16 Siege Ram
48:19 Two-Man Saw
48:49 Stone Shaft Mining
49:22 Bodkin Arrow
49:42 Leather Archer Armor
50:12 Torsion Engines
54:31 Elite Skirmisher
Savitar1678
7:49 Loom
8:18 Loom
10:26 Feudal Age
11:22 Double-Bit Axe
21:06 Castle Age
19:42 Stone Mining
19:44 Gold Mining
19:37 Horse Collar
20:29 Forging
20:48 Fletching
21:04 Scale Barding Armor
23:29 Wheelbarrow
23:58 Gold Shaft Mining
29:04 Bloodlines
28:55 Husbandry
29:32 Bow Saw
31:11 Detinets
33:52 Imperial Age
33:11 Hand Cart
32:42 Town Watch
33:57 Iron Casting
34:17 Chain Barding Armor
36:35 Blast Furnace
35:51 Elite Boyar
36:53 Conscription
41:19 Plate Barding Armor
42:14 Heavy Scorpion
44:51 Hoardings
45:04 Ballistics
48:04 Bodkin Arrow
49:06 Town Patrol
50:12 Two-Man Saw
Connection lost

Rejoining the realm…

Still unreachable

The connection could not be restored.

Session expired

The server has moved on; the page needs a fresh start.